 Dungeon Crawl Stone Soup version 0.31-a0-667-g39726597b9 (webtiles) character file.

Game seed: 13493746665602072471

683 Revguard the Cudgeller (level 7, -6/67 HPs)
             Began as a Troll Berserker on Sept 4, 2023.
             Was a Priest of Trog.
             Mangled by a worm (7 damage)
             ... on level 5 of the Dungeon.
             The game lasted 00:09:20 (3098 turns).

Revguard the Cudgeller (Troll Berserker)            Turns: 3098, Time: 00:09:21

Health: -6/67      AC:  4    Str: 25    XL:     7   Next: 35%
Magic:  6/6        EV: 10    Int:  9    God:    Trog [***...]
Gold:   134        SH:  0    Dex: 10    Spells: 6/6 levels left

rFire   . . .        a - +0 mace (drain)
rCold   . . .        (no shield)
rNeg    . . .        b - +0 animal skin
rPois   .            (helmet restricted)
rElec   .            o - scarf {+Inv}
rCorr   .            (gloves unavailable)
SInv    .            (boots unavailable)
Will    +++..        (no amulet)
Stlth   ++           (no ring)
HPRegen 2.11/turn    (no ring)
MPRegen 0.10/turn

%: random rage (3%)
@: strong-willed, on berserk cooldown, regenerating, slowed, studying Maces &
Flails, very slow
A: large, unfitting armour, claws 3, regeneration 1, shaggy fur 1, tough skin 1,
horns 1, thin skeletal structure 1, berserk 1, clever 1, strong-willed 1
a: Renounce Religion, Evoke Invisibility, Berserk, Trog's Hand


You were on level 5 of the Dungeon.
You worshipped Trog.
Trog was most pleased with you.
You visited 1 branch of the dungeon, and saw 5 of its levels.

You collected 194 gold pieces.
You spent 60 gold pieces at shops.

Inventory:

Hand Weapons
 a - a +0 mace of draining (weapon)
Missiles
 p - 2 throwing nets
Armour
 b - a +0 animal skin (worn)
 o - a scarf of invisibility (worn)
Jewellery
 f - a ring of ice
 g - a +5 ring of evasion
Wands
 c - a wand of polymorph (20)
Scrolls
 d - a scroll of blinking
 e - 2 scrolls of poison
Potions
 i - a potion of resistance
 j - a potion of enlightenment
 m - a potion of lignification


   Skills:
 + Level 3.6 Fighting
 * Level 5.3 Maces & Flails
 + Level 2.3 Armour
 + Level 3.6 Dodging
 + Level 2.2 Evocations


You had 6 spell levels left.
You didn't know any spells.
Your spell library was empty.

Dungeon Overview and Level Annotations

Branches:
Dungeon (5/15)
 Temple: D:4-7

Altars:
Makhleb
Nemelex Xobeh
Sif Muna
Yredelemnul

Shops:
D:3 *=*

Annotations:
D:3 2 transporters


Innate Abilities, Weirdness & Mutations

You are too large for most types of armour.
You have claws for hands.
Your natural rate of healing is unusually fast.
You are covered in fur. (AC +1)
You have tough skin. (AC +1)
You have a pair of small horns on your head.
You have a somewhat thin skeletal structure. (Dex +2, Stealth+)
You sometimes lose your temper in combat.
Your mind is acute. (Int +4, Str/Dex -1)
You are strong-willed. (Will+)


Message History

Trog accepts your kill.
Prince Ribbit croaks regally.
Prince Ribbit blinks!
You sock the worm! You drain the worm. You headbutt the worm.
You kill the worm!
Trog accepts your kill. The rat barely misses you.
You sock the rat!
You kill the rat!
Trog accepts your kill.
You closely miss Prince Ribbit.
Prince Ribbit is severely wounded.
Prince Ribbit blinks!
The worm bites you.
* * * LOW HITPOINT WARNING * * *
Prince Ribbit hops awkwardly around.
Prince Ribbit blinks!
You sock Prince Ribbit! Your headbutt misses Prince Ribbit.
Prince Ribbit is almost dead.
Prince Ribbit hits you but does no damage.
You miss Prince Ribbit.
Prince Ribbit is almost dead.
The worm bites you.
* * * LOW HITPOINT WARNING * * *
The worm bites you!
* * * LOW HITPOINT WARNING * * *
Prince Ribbit hits you.
* * * LOW HITPOINT WARNING * * *
You miss Prince Ribbit. Your headbutt misses Prince Ribbit.
Prince Ribbit is almost dead.
Prince Ribbit completely misses you.
You closely miss Prince Ribbit. You headbutt Prince Ribbit.
You kill Prince Ribbit!
Trog accepts your kill.
Prince Ribbit returns to his original shape as he dies.
You are no longer berserk.
You are exhausted.
You feel yourself slow down. The worm bites you.
* * * LOW HITPOINT WARNING * * *
The worm bites you!
You die...

#. #....# #..# #..#
#.##.###.## #..#
#.##.....###
#..#####...........
#..............####
#....~~#########
#...~~~# #.†w.#~#
#.@w~~~# #.†.~#~#
#..~~~~# ##..~#~#
#..~# # #...# #...#
#####


You could see 2 worms.

Vanquished Creatures
  Prince Ribbit (D:5)
  An ice beast (D:4)
  A phantom (D:5)
  3 scorpions
  A howler monkey (D:3)
  A jelly (D:4)
  A gnoll bouda (D:4)
  A sleepcap (D:4)
  An iguana (D:4)
  An orc wizard (D:3)
  6 adders
  6 worms
  6 dart slugs
  8 orcs (D:3)
  4 ball pythons
  4 endoplasms
  2 giant cockroaches
  7 goblins
  8 hobgoblins
  7 jackals
  5 kobolds
  3 quokkas
  3 bats
  3 frilled lizards
  10 rats
94 creatures vanquished.

Notes
Turn   | Place    | Note
-------+----------+-------------------------------------------
     0 | D:1      | Revguard the Troll Berserker began the quest for the Orb.
     0 | D:1      | Reached XP level 1. HP: 22/22 MP: 0/0
   242 | D:1      | Reached XP level 2. HP: 26/29 MP: 1/1
   296 | D:1      | Reached skill level 3 in Maces & Flails
   475 | D:1      | Found a faded altar of an unknown god.
   820 | D:2      | Reached ** piety under Trog
   821 | D:2      | Reached XP level 3. HP: 36/36 MP: 2/2
  1516 | D:3      | Found a transporter.
  1521 | D:3      | Gained mutation: You have hidden genetic defects. [potion
                  | of mutation]
  1521 | D:3      | Gained mutation: You have a somewhat thin skeletal
                  | structure. (Dex +2, Stealth+) [potion of mutation]
  1521 | D:3      | Gained mutation: You are strong-willed. (Will+) [potion of
                  | mutation]
  1521 | D:3      | Gained mutation: Your flesh is heat resistant. (rF+)
                  | [potion of mutation]
  1548 | D:3      | Reached skill level 1 in Armour
  1548 | D:3      | Reached skill level 1 in Evocations
  1548 | D:3      | Reached XP level 4. HP: 33/44 MP: 3/3
  1549 | D:3      | Gained mutation: You occasionally lose the ability to drink
                  | potions when taking damage. [hidden defects]
  1588 | D:3      | Reached XP level 5. HP: 52/52 MP: 4/4
  1598 | D:3      | Gained mutation: You are clumsy. (Dex -2) [hidden defects]
  1598 | D:3      | Lost mutation: You have hidden genetic defects. [hidden
                  | defects expressed]
  1605 | D:3      | Lost mutation: You are clumsy. (Dex -2) [potion of
                  | mutation]
  1605 | D:3      | Lost mutation: Your flesh is heat resistant. (rF+) [potion
                  | of mutation]
  1605 | D:3      | Lost mutation: You occasionally lose the ability to drink
                  | potions when taking damage. [potion of mutation]
  1605 | D:3      | Gained mutation: Your mind is acute. (Int +4, Str/Dex -1)
                  | [potion of mutation]
  1605 | D:3      | Gained mutation: You sometimes lose your temper in combat.
                  | [potion of mutation]
  1605 | D:3      | Gained mutation: You have a pair of small horns on your
                  | head. [potion of mutation]
  1609 | D:3      | Found a transporter.
  1617 | D:3      | Found Verosumn's Assorted Antiques.
  1834 | D:3      | Found Ewafos's Jewellery Boutique.
  1848 | D:3      | Found Guklas's Assorted Antiques.
  1857 | D:3      | Bought a scroll of identify for 60 gold pieces
  1996 | D:3      | Found a sparkling altar of Nemelex Xobeh.
  1996 | D:3      | Found a shimmering blue altar of Sif Muna.
  2060 | D:4      | Noticed an ice beast
  2073 | D:4      | Killed an ice beast
  2074 | D:4      | Reached skill level 4 in Maces & Flails
  2257 | D:4      | Reached *** piety under Trog
  2258 | D:4      | Reached XP level 6. HP: 28/61 MP: 5/5
  2570 | D:4      | Found a large runed translucent door.
  2571 | D:4      | Found a large runed translucent door.
  2587 | D:4      | Found a basalt altar of Yredelemnul.
  2638 | D:4      | Found a burning altar of Makhleb.
  2893 | D:4      | Reached XP level 7. HP: 66/67 MP: 6/6
  2939 | D:4      | Identified a scroll of acquirement
  2940 | D:4      | Acquired a manual of Maces & Flails
  2981 | D:5      | Entered Level 5 of the Dungeon
  2992 | D:5      | Reached skill level 5 in Maces & Flails
  3070 | D:5      | Noticed Prince Ribbit
  3098 | D:5      | Killed Prince Ribbit
  3098 | D:5      | HP: 1/67 [worm (6)]
  3098 | D:5      | Mangled by a worm

Illustrated notes

Levels and vault maps discovered:
D:1:      shiori_shiawase, layout_loops_ring, basic_ecumenical_altar
D:2:      layout_basic
D:3:      gammafunk_steamed_eel, layout_rooms, gammafunk_temple_overflow_wave,
          serial_shops, shop, shop, nicolae_shop_tiny_statue_garden
D:4:      layout_loops_cross, jmf_multi_god_temple2, chequers_decorated_corner
D:5:      minmay_skewed_foursquare, layout_loops_ring,
          lightli_sewer_entry_pipes, minmay_misc_feat_columns,
          uniq_prince_ribbit1, uniq_duvessa, uniq_pikel

Skill      XL: |  1  2  3  4  5  6  7 |
---------------+----------------------+-----
Maces & Flails | 3 4 5 |  5.3
Armour         | 1 2 |  2.3
Evocations     | 1 2 |  2.2
Dodging        | 3 |  3.6
Fighting       | 3 |  3.6

Action                     |  1- 3 |  4- 6 |  7- 9 || total
---------------------------+-------+-------+-------++-------
  Melee: Mace              |   124 |   162 |    28 ||   314
         Punch             |     2 |     2 |     1 ||     5
         Headbutt          |       |    12 |     5 ||    17
 Invoke: Berserk           |       |     4 |     1 ||     5
         Trog's Hand       |       |     3 |     1 ||     4
    Use: Scroll            |     4 |     3 |     6 ||    13
         Potion            |     2 |     1 |     1 ||     4
   Stab: Sleeping          |     1 |     3 |     2 ||     6
 Armour: Animal skin       |    68 |   138 |    29 ||   235
  Dodge: Dodged            |    54 |   103 |    17 ||   174

Table legend: (Time is in decaauts)
 A = Elapsed time spent in this place.
 B = Non-inter-level travel time spent in this place.
 C = Inter-level travel time spent in this place.
 D = Time resting spent in this place.
 E = Time spent auto-exploring this place.
 F = Levels seen in this place.
 G = Mean time per level.
                   A        B        C        D        E       F      G
               +--------+--------+--------+--------+--------+-----+--------+
         Total |   3196 |   3079 |    117 |    109 |   2076 |   5 |  639.2 |
       Dungeon |   3196 |   3079 |    117 |    109 |   2076 |   5 |  639.2 |
               +--------+--------+--------+--------+--------+-----+--------+

Top non-repeatable levels by time:
     D:4: 970 daAuts
     D:1: 768 daAuts
     D:2: 756 daAuts
     D:3: 584 daAuts
     D:5: 116 daAuts
